 Seeded DCSS version 0.30.0-30-g96aa6591b8 (webtiles) character file.

Game seed: 6351066067085065685 (custom seed)

54 Esekla the Grave Robber (level 3, -2/19 HPs)
             Began as a Deep Elf Necromancer on June 26, 2023.
             Was an Initiate of Vehumet.
             Slain by a black bear (5 damage)
             ... on level 2 of the Dungeon.
             The game lasted 00:07:14 (1232 turns).

Esekla the Grave Robber (Deep Elf Necromancer)      Turns: 1232, Time: 00:07:15

Health: -2/19      AC:  3    Str:  5    XL:     3   Next: 66%
Magic:  10/10      EV: 13    Int: 21    God:    Vehumet [......]
Gold:   107        SH:  0    Dex: 18    Spells: 5/9 levels left

rFire   . . .        a - +5 rapier of the Hero {heavy, rN+ Dex+3}
rCold   . . .        (no shield)
rNeg    + . .        m - +0 robe
rPois   .            (no helmet)
rElec   .            (no cloak)
rCorr   .            k - +0 pair of gloves
SInv    .            (no boots)
Will    .....        (no amulet)
Stlth   ++           (no ring)
HPRegen 0.23/turn    (no ring)
MPRegen 0.12/turn

%: no passive effects
@: no status effects
A: no striking features
a: Renounce Religion


You were on level 2 of the Dungeon.
You worshipped Vehumet.
Vehumet was noncommittal.
You visited 1 branch of the dungeon, and saw 4 of its levels.

You collected 107 gold pieces.

Inventory:

Hand Weapons
 a - the +5 rapier of the Hero (weapon) {heavy, rN+ Dex+3}
   (You found it on level 3 of the Dungeon)

   Dex:       It affects your dexterity (+3).
   rN:        It protects you from negative energy.
 r - a +0 spear
Armour
 k - a +0 pair of gloves (worn)
 m - a +0 robe (worn)
Wands
 f - a wand of roots (7)
Scrolls
 c - a scroll of identify {unknown}
 e - a scroll of fear {unknown}
 l - a scroll of immolation {unknown}
 n - a scroll of blinking {unknown}
 p - a scroll of fog {unknown}
Potions
 b - a potion of magic
 d - a potion of ambrosia {unknown}
 g - 2 potions of attraction {unknown}
 h - a potion of heal wounds {unknown}
 i - a potion of haste {unknown}
 j - 2 potions of curing {unknown}
 o - 2 potions of brilliance {unknown}


   Skills:
 + Level 0.1 Fighting
 + Level 0.2 Short Blades
 * Level 3.1 Dodging
 + Level 2.8 Stealth
 * Level 3.6 Spellcasting
 * Level 5.6 Necromancy


You had 5 spell levels left.
You knew the following spells:

 Your Spells              Type           Power      Damage    Failure   Level
a - Necrotise             Necr           100%       1d9       1%          1
d - Vampiric Draining     Necr           27%        2d7       3%          3

Your spell library contained the following spells:

 Spells                   Type           Power      Damage    Failure   Level
 Animate Dead             Necr           27%        N/A       12%         4
 Lesser Beckoning         Tloc           6%         N/A       19%         2
 Agony                    Necr           27%        N/A       34%         5
 Gell's Gravitas          Tloc           3%         N/A       36%         3
 Teleport Other           Tloc           3%         N/A       36%         3


Dungeon Overview and Level Annotations

Branches:
Dungeon (4/15)
 Temple: D:4-7

Altars:
Vehumet

Shops:
D:2 =


Message History

Magic restored.
A gnoll comes into view. It is wielding a +0 flail.
A goblin comes into view. It is wielding a +3 dagger of speed.
The goblin shouts!
Found a bubbling blue potion.
You barely miss the goblin. The goblin hits you but does no damage.
The goblin hits you with a +3 dagger of speed. x2
You completely miss the goblin.
The goblin hits you with a +3 dagger of speed.
The goblin hits you but does no damage.
Casting: Vampiric Draining (quite dangerous; 3% risk of failure)
Confirm with . or Enter, or press ? or * to list all spells.
The spell is quite dangerous to miscast (3% risk of failure)!
Continue anyway?
Aiming: Vampiric Draining (quite dangerous; 3% risk of failure)
Press: ? - help, Shift-Dir - straight line, f - goblin
Aim: a goblin, wielding a +3 dagger of speed You draw life force from the goblin.
You kill the goblin!
Vehumet accepts your kill.
You feel life coursing into your body.
You see here a +3 dagger of speed.
You start resting.
Magic restored.
You start resting.
HP restored.
j - 2 bubbling blue potions (gained 1)
A rat comes into view.
A black bear comes into view.
Found 6 gold pieces.
The helpless black bear fails to defend itself.
You impale the black bear!!
The black bear is almost dead.
The black bear goes berserk!
You closely miss the black bear.
The black bear is almost dead.
The black bear bites you! The black bear barely misses you. x2
The black bear bites you!
* * * LOW HITPOINT WARNING * * *
The black bear claws you.
You die...

...........)#
#...####..#
#........# #..#####.#
#..#####.###
#<.........#
#........).# #####
#.######.#.####.$....
#............@h.#
########.#.######
#.#r# #.#.# ..#.# #.#
#.# #.


You could see a black bear (berserk).

Vanquished Creatures
  A gnoll (D:2)
  An adder (D:2)
  A dart slug (D:1)
  5 ball pythons (D:1)
  2 bats (D:1)
  3 endoplasms (D:1)
  6 goblins
  3 hobgoblins
  A quokka (D:1)
  3 frilled lizards
  4 kobolds
30 creatures vanquished.

Notes
Turn   | Place    | Note
-------+----------+-------------------------------------------
     0 | D:1      | Esekla the Deep Elf Necromancer began the quest for the
                  | Orb.
     0 | D:1      | Reached XP level 1. HP: 10/10 MP: 6/6
    87 | D:1      | Reached skill level 5 in Necromancy
   368 | D:1      | Reached XP level 2. HP: 12/15 MP: 8/8
   586 | D:4      | Found a radiant altar of Vehumet.
   590 | D:4      | Became a worshipper of Vehumet
   744 | D:3      | Identified the +5 rapier of the Hero {heavy, rN+ Dex+3}
   831 | D:2      | Found Renulab's Jewellery Shop.
   860 | D:1      | Reached XP level 3. HP: 19/19 MP: 9/9
   864 | D:1      | Learned a level 3 spell: Vampiric Draining
  1227 | D:2      | Noticed a black bear
  1232 | D:2      | Slain by a black bear

Illustrated notes

Levels and vault maps discovered:
D:1:      sevenhm_arrival_forest_fort_small_3, layout_rooms,
          chequers_serial_rivers_room_b, minmay_misc_feat_five
D:2:      layout_loops_ring, dreamdust_ecumenical_altar_angels_and_demons,
          serial_shops, shop
D:3:      layout_basic, grunt_temple_overflow_open, minmay_misc_feat_iff
D:4:      layout_basic, nicolae_overflow_quartered_altars, serial_shops,
          nicolae_diamond_shop

Skill      XL: |  1  2  3 |
---------------+----------+-----
Necromancy     | 5 |  5.6
Dodging        | 3 |  3.1
Fighting       | |  0.1
Short Blades   | |  0.2
Stealth        | |  2.8
Spellcasting   | |  3.6

Action                     || total
---------------------------++-------
  Melee: Short sword       ||     9
         Unarmed           ||     9
         Dagger            ||    29
         Rapier            ||    31
         Punch             ||     1
   Cast: Vampiric Draining ||     5
   Stab: Sleeping          ||     3
 Armour: Robe              ||    17
  Dodge: Dodged            ||    58
